 Dungeon Crawl Stone Soup version 0.21-a0-552-g593960d (webtiles) character file.

462 tidbits the Digger (level 7, -3/50 HPs)
             Began as a Gnoll Earth Elementalist on Dec 17, 2017.
             Slain by a bullfrog (7 damage)
             ... in a sewer.
             The game lasted 00:10:57 (1159 turns).

tidbits the Digger (Gnoll Earth Elementalist)       Turns: 1159, Time: 00:10:57

Health: -3/50      AC:  3    Str: 10    XL:     7   Next: 7%
Magic:  15/15      EV: 20    Int: 25    God:
Gold:   103        SH:  0    Dex: 20    Spells: 14/17 levels left

rFire    . . .     SeeInvis .   f - -1 dagger (curse)
rCold    . . .     Gourm    .   (no shield)
rNeg     . . .     Faith    .   B - +0 leather armour (curse)
rPois    .         Spirit   .   (no helmet)
rElec    .         Reflect  .   (no cloak)
rCorr    .         Harm     +   (no gloves)
MR       .....                  (no boots)
Stlth    ++++......             q - amulet of harm
HPRegen  0.16/turn              (no ring)
MPRegen  0.14/turn              (no ring)

@: brilliant, agile, hasted, very quick
A: distributed training, fangs 1, strong nose
a: no special abilities


You were in a sewer.
You were not hungry.

You visited 2 branches of the dungeon, and saw 5 of its levels.
You also visited: Sewer.

You collected 103 gold pieces.

Inventory:

Hand Weapons
 f - a cursed -1 dagger (weapon)
 i - a +0 dagger
 n - a +1 dagger of pain
   (You took it off a kobold on level 2 of the Dungeon)
 r - a +0 flail
 t - a +0 morningstar
Missiles
 j - 36 arrows
Armour
 a - a +0 ring mail
 c - a +0 robe
 u - a +0 pair of gloves
 B - a cursed +0 leather armour (worn)
Jewellery
 q - an amulet of harm (around neck)
   (You found it on level 2 of the Dungeon)
Scrolls
 k - a scroll of fear {unknown}
 m - 3 scrolls of magic mapping
 o - 3 scrolls of teleportation
 p - 2 scrolls of noise {unknown}
 s - a scroll of enchant weapon {unknown}
Potions
 h - a potion of ambrosia
 v - a potion of magic
 w - a potion of haste
Books
 e - a book of Geomancy

   Spells                             Type                      Level
   a - Sandblast                      Earth                        1
   b - Passwall                       Transmutation/Earth          2
   c - Stone Arrow                    Conjuration/Earth            3
   d - Petrify                        Transmutation/Earth          4
   e - Lee's Rapid Deconstruction     Earth                        5
Comestibles
 d - 2 bread rations
 l - 2 royal jellies


   Skills:
 + Level 2.2 Fighting
 + Level 2.2 Short Blades
 + Level 2.2 Long Blades
 + Level 2.2 Axes
 + Level 2.2 Maces & Flails
 + Level 2.2 Polearms
 + Level 2.2 Staves
 + Level 2.2 Slings
 + Level 2.2 Bows
 + Level 2.2 Crossbows
 + Level 2.2 Throwing
 + Level 2.2 Armour
 + Level 5.1 Dodging
 + Level 4.7 Stealth
 + Level 2.2 Shields
 + Level 2.2 Unarmed Combat
 + Level 5.5 Spellcasting
 + Level 1.8 Conjurations
 + Level 1.8 Hexes
 + Level 1.8 Charms
 + Level 1.8 Summonings
 + Level 1.8 Necromancy
 + Level 1.8 Translocations
 + Level 2.8 Transmutations
 + Level 1.8 Fire Magic
 + Level 1.8 Ice Magic
 + Level 1.8 Air Magic
 + Level 5.7 Earth Magic
 + Level 1.8 Poison Magic
 + Level 2.4 Invocations
 + Level 2.2 Evocations


You had 14 spell levels left.
You knew the following spells:

 Your Spells              Type           Power        Failure   Level  Hunger
a - Sandblast             Erth           ######       1%          1    None
w - Passwall              Tmut/Erth      #####.....   1%          2    None


Dungeon Overview and Level Annotations

Branches:
Dungeon (4/15)             Temple (1/1) D:4

Altars:
Gozag
Makhleb
Okawaru
Qazlal
Sif Muna
Xom
Yredelemnul
Zin
The Shining One
Lugonu


Innate Abilities, Weirdness & Mutations

Your experience applies equally to all skills.
You have very sharp teeth.
Your uncanny sense of smell can sniff out nearby items.


Message History

The bullfrog gives a loud, deep croak!
You hear an angry hiss.
The ball python closely misses you. The ball python completely misses you.
The bullfrog releases a deep croak.
The ball python barely misses you. The ball python misses you.
Casting: Sandblast
Confirm with . or Enter, or press ? or * to list all spells.
Aiming: Sandblast
Press: ? - help, Shift-Dir - straight line, f - ball python
Aim: a ball python The blast of sand hits the ball python.
You kill the ball python!
b - 3 stones The bullfrog hits you.
* * * LOW HITPOINT WARNING * * *
The ball python closely misses you. The ball python grabs you.
* * * LOW HITPOINT WARNING * * *
The ball python constricts you.
Casting: Sandblast
Confirm with . or Enter, or press ? or * to list all spells.
Aiming: Sandblast
Press: ? - help, Shift-Dir - straight line, f - bullfrog
Aim: a bullfrog (water)
The blast of sand hits the bullfrog.
You kill the bullfrog!
You have reached level 7!
b - 2 stones The frilled lizard hisses angrily.
The ball python barely misses you. The ball python constricts you.
You barely miss the ball python. The ball python bites you.
* * * LOW HITPOINT WARNING * * *
x2 The ball python constricts you.
A frilled lizard comes into view.
The bullfrog croaks.
You hit the ball python.
You kill the ball python!
The bullfrog swells and bulges.
A ball python comes into view.
Casting: Sandblast
Confirm with . or Enter, or press ? or * to list all spells.
Aiming: Sandblast
Press: ? - help, Shift-Dir - straight line, f - ooze
Aim: an ooze The blast of sand misses the ooze.
b - a stone The ball python hisses angrily.
Are you sure you want to abandon this character and quit the game? (Confirm with "yes".)
Okay, then.
It was a potion of magic.
Magic courses through your body. The bullfrog barely misses you.
It was a potion of haste.
You feel yourself speed up. The bullfrog barely misses you.
The ooze closely misses you. The bullfrog barely misses you.
You hit the bullfrog.
The bullfrog is lightly wounded.
The ooze hits you.
* * * LOW HITPOINT WARNING * * *
The bullfrog hits you.
* * * LOW HITPOINT WARNING * * *
The frilled lizard completely misses you.
Casting: Sandblast
Confirm with . or Enter, or press ? or * to list all spells.
Aiming: Sandblast
Press: ? - help, Shift-Dir - straight line, f - bullfrog, p - ooze
Aim: a bullfrog (lightly wounded)
The blast of sand hits the bullfrog.
The bullfrog is severely wounded.
You now have no stones remaining.
The bullfrog hits you!
* * * LOW HITPOINT WARNING * * *
The ooze closely misses you.
Casting: Sandblast
Confirm with . or Enter, or press ? or * to list all spells.
Aiming: Sandblast
Press: ? - help, Shift-Dir - straight line, f/p - bullfrog
Aim: a bullfrog (severely wounded)
You don't have any stones to cast with.
Unknown command.
It was a potion of agility.
You feel agile all of a sudden.
The ball python closely misses you. x2; The bullfrog completely misses you.
The frilled lizard misses you.
It was a potion of brilliance.
You feel clever all of a sudden. The ball python misses you.
The ball python completely misses you. The ooze completely misses you.
The bullfrog hits you but does no damage.
The frilled lizard bites you.
* * * LOW HITPOINT WARNING * * *
You hit the ball python.
The ball python is heavily wounded.
The ball python completely misses you. The ball python misses you.
The bullfrog hits you but does no damage.
You barely miss the ball python.
You bite the ball python, but do no damage.
The ball python is heavily wounded.
The ooze misses you. The frilled lizard closely misses you.
Okay, then.
You barely miss the ball python.
The ball python is heavily wounded.
The bullfrog hits you.
You die...

∆∆∆ #..'....# ∆ ∆
#..#....# ∆ ####...## #
##################....#
..#≈≈≈≈≈≈≈≈≈≈≈≈≈≈≈#.....#
...≈≈≈≈≈≈≈≈≈≈≈≈≈≈≈.....##
..≈#≈≈≈≈≈≈≈≈≈≈≈≈≈≈≈....#
...≈≈≈≈≈lS†#≈≈≈≈≈≈≈....#
..≈≈≈≈≈SJ@.≈≈≈≈≈≈≈....##
...≈≈≈≈lF≈≈≈≈≈≈≈≈≈..###
#####################


You could see a bullfrog, an ooze, 2 ball pythons and 2 frilled lizards.

Vanquished Creatures
  A bullfrog (Sewer)
  The ghost of Curus the Poker, a weakling MfGl (D:3)
  An orc wizard (D:3)
  2 orc priests (D:4)
  A worker ant (D:4)
  8 adders
  10 river rats
  An adder skeleton (D:4)
  A dart slug (D:1)
  2 leopard geckos
  7 orcs
  12 ball pythons
  7 bats
  A giant cockroach (D:1)
  3 goblins
  5 hobgoblins
  3 jackals (D:2)
  2 kobolds
  2 quokkas
  A frilled lizard (D:3)
  A quokka skeleton (D:2)
  28 rats
100 creatures vanquished.

Notes
Turn   | Place    | Note
-------+----------+-------------------------------------------
     0 | D:1      | tidbits the Gnoll Earth Elementalist began the quest for the Orb.
     0 | D:1      | Reached XP level 1. HP: 13/13 MP: 6/6
    79 | D:1      | Reached skill level 2 in Transmutations
    96 | D:1      | Reached XP level 2. HP: 17/19 MP: 1/7
   264 | D:2      | Reached XP level 3. HP: 14/25 MP: 7/9
   267 | D:2      | Reached skill level 5 in Spellcasting
   292 | D:3      | Noticed Curus's ghost (weakling MfGl)
   302 | D:2      | Found a glowing golden altar of the Shining One.
   304 | D:2      | Found a deep blue altar of Sif Muna.
   353 | D:2      | Reached skill level 1 in Invocations
   358 | D:2      | Reached skill level 1 in Fighting
   358 | D:2      | Reached skill level 1 in Short Blades
   358 | D:2      | Reached skill level 1 in Long Blades
   358 | D:2      | Reached skill level 1 in Axes
   358 | D:2      | Reached skill level 1 in Maces & Flails
   358 | D:2      | Reached skill level 1 in Polearms
   358 | D:2      | Reached skill level 1 in Staves
   358 | D:2      | Reached skill level 1 in Slings
   358 | D:2      | Reached skill level 1 in Bows
   358 | D:2      | Reached skill level 1 in Crossbows
   358 | D:2      | Reached skill level 1 in Throwing
   358 | D:2      | Reached skill level 1 in Armour
   358 | D:2      | Reached skill level 1 in Shields
   358 | D:2      | Reached skill level 1 in Unarmed Combat
   358 | D:2      | Reached skill level 1 in Evocations
   358 | D:2      | Reached XP level 4. HP: 32/32 MP: 6/11
   461 | D:3      | Killed Curus's ghost
   461 | D:3      | Reached skill level 1 in Conjurations
   461 | D:3      | Reached skill level 1 in Hexes
   461 | D:3      | Reached skill level 1 in Charms
   461 | D:3      | Reached skill level 1 in Summonings
   461 | D:3      | Reached skill level 1 in Necromancy
   461 | D:3      | Reached skill level 1 in Translocations
   461 | D:3      | Reached skill level 1 in Fire Magic
   461 | D:3      | Reached skill level 1 in Ice Magic
   461 | D:3      | Reached skill level 1 in Air Magic
   461 | D:3      | Reached skill level 1 in Poison Magic
   472 | D:3      | Reached XP level 5. HP: 37/37 MP: 8/12
   581 | D:4      | Found a staircase to the Ecumenical Temple.
   590 | Temple   | Entered the Ecumenical Temple
   631 | D:4      | Learned a level 2 spell: Passwall
   676 | D:4      | Reached skill level 2 in Invocations
   676 | D:4      | Reached XP level 6. HP: 34/44 MP: 7/13
   714 | D:4      | Found a deep blue altar of Sif Muna.
   749 | D:4      | Found a glowing drain.
   832 | Sewer    | Entered a sewer
   890 | Sewer    | Reached skill level 5 in Dodging
   891 | Sewer    | Reached skill level 2 in Fighting
   891 | Sewer    | Reached skill level 2 in Short Blades
   891 | Sewer    | Reached skill level 2 in Long Blades
   891 | Sewer    | Reached skill level 2 in Axes
   891 | Sewer    | Reached skill level 2 in Maces & Flails
   891 | Sewer    | Reached skill level 2 in Polearms
   891 | Sewer    | Reached skill level 2 in Staves
   891 | Sewer    | Reached skill level 2 in Slings
   891 | Sewer    | Reached skill level 2 in Bows
   891 | Sewer    | Reached skill level 2 in Crossbows
   891 | Sewer    | Reached skill level 2 in Throwing
   891 | Sewer    | Reached skill level 2 in Armour
   891 | Sewer    | Reached skill level 2 in Shields
   891 | Sewer    | Reached skill level 2 in Unarmed Combat
   891 | Sewer    | Reached skill level 2 in Evocations
  1147 | Sewer    | Reached XP level 7. HP: 22/50 MP: 12/15
  1154 | Sewer    | HP: 4/50 [bullfrog (8)]
  1159 | Sewer    | Slain by a bullfrog

Vault maps used:
D:1:      dpeg_arrival_houses_and_road
D:2:      chequers_temple_overflow_statue_of_worship
D:3:      first_bread, uniq_grinder
D:4:      cheibrodos_pilgrimage, kennysheep_little_box,
          nicolae_ru_path_of_blood, grunt_dithmenos_shadows,
          minmay_temple_entry_poolview, portal_sewer_entry_a, led_sif_pool
Temple:   corrupted_temple
Sewer:    sewer_minmay_w

Skill      XL: |  1  2  3  4  5  6 |
---------------+-------------------+-----
Transmutations | 2 |  2.8
Spellcasting   | 5 |  5.5
Invocations    | 1 2 |  2.4
Fighting       | 1 2 |  2.2
Short Blades   | 1 2 |  2.2
Long Blades    | 1 2 |  2.2
Axes           | 1 2 |  2.2
Maces & Flails | 1 2 |  2.2
Polearms       | 1 2 |  2.2
Staves         | 1 2 |  2.2
Slings         | 1 2 |  2.2
Bows           | 1 2 |  2.2
Crossbows      | 1 2 |  2.2
Throwing       | 1 2 |  2.2
Armour         | 1 2 |  2.2
Shields        | 1 2 |  2.2
Unarmed Combat | 1 2 |  2.2
Evocations     | 1 2 |  2.2
Conjurations   | 1 |  1.8
Hexes          | 1 |  1.8
Charms         | 1 |  1.8
Summonings     | 1 |  1.8
Necromancy     | 1 |  1.8
Translocations | 1 |  1.8
Fire Magic     | 1 |  1.8
Ice Magic      | 1 |  1.8
Air Magic      | 1 |  1.8
Poison Magic   | 1 |  1.8
Dodging        | 5 |  5.1
Stealth        | |  4.7
Earth Magic    | |  5.7

Action                   |  1- 3 |  4- 6 |  7- 9 || total
-------------------------+-------+-------+-------++-------
Melee: Dagger            |    25 |    91 |     6 ||   122
       Bite              |     1 |     8 |     1 ||    10
       Punch             |       |     1 |       ||     1
 Cast: Sandblast         |    32 |    93 |     3 ||   128
       Passwall          |       |     2 |       ||     2
  Use: Scroll            |     5 |     1 |       ||     6
       Potion            |     1 |     2 |     4 ||     7
 Stab: Sleeping          |     1 |       |       ||     1
       Invisible         |       |     1 |       ||     1
  Eat: Fruit             |       |     2 |       ||     2
Armor: Robe              |     4 |       |       ||     4
       Leather armour    |     3 |    24 |     2 ||    29
       Skin              |    23 |     4 |       ||    27
Dodge: Dodged            |    20 |   112 |    18 ||   150

Table legend:
 A = Spawn XP
 B = Non-spawn XP
 C = Spawn XP percentage of total XP
 D = Spawn monster count
 E = Non-spawn monster count
 F = Spawn count percentage of total count
 G = Total turns spent on level
                    A         B        C        D         E        F      G
               +---------+---------+-------+---------+---------+-------+---------
         Total |       0 |     660 |   0.0 |       0 |     100 |   0.0 |  1159
               +---------+---------+-------+---------+---------+-------+---------
           D:1 |       0 |      21 |   0.0 |       0 |      12 |   0.0 |   239
           D:2 |       0 |      73 |   0.0 |       0 |      17 |   0.0 |   189
           D:3 |       0 |     148 |   0.0 |       0 |      14 |   0.0 |   105
           D:4 |       0 |     194 |   0.0 |       0 |      16 |   0.0 |   275
         Sewer |       0 |     224 |   0.0 |       0 |      41 |   0.0 |   327
               +---------+---------+-------+---------+---------+-------+---------

Table legend:
 A = Turns spent in this place as a percentage of turns spent in the entire game.
 B = Non-inter-level travel turns spent in this place as a percentage of non-inter-level travel turns spent in the entire game.
 C = Inter-level travel turns spent in this place as a percentage of turns spent in this place.
 D = Turns resting spent in this place as a percentage of non-inter-level travel turns spent in this place.
 E = Turns spent auto-exploring this place as a percentage of non-inter-level travel turns spent in this place.
 F = Non-inter-level travel turns spent in this place divided by the number of levels of this place that you've seen.
                   A       B       C       D       E      F
               +-------+-------+-------+-------+-------+----------------------
         Total | 100.0 | 100.0 |   0.0 |   0.9 |   0.0 | 193.2
       Dungeon |  69.7 |  69.7 |   0.0 |   1.2 |   0.0 | 202.0
        Temple |   2.1 |   2.1 |   0.0 |   0.0 |   0.0 |  24.0
         Sewer |  28.2 |  28.2 |   0.0 |   0.0 |   0.0 | 327.0
               +-------+-------+-------+-------+-------+----------------------

Table legend:
 A = Kills in this place as a percentage of kills in entire the game.
 B = Kills by you in this place as a percentage of kills by you in the entire game.
 C = Kills by friends in this place as a percentage of kills by friends in the entire game.
 D = Other kills in this place as a percentage of other kills in the entire game.
 E = Experience gained in this place as a percentage of experience gained in the entire game.
 F = Experience gained in this place divided by the number of levels of this place that you have seen.
                   A       B       C       D       E      F
               +-------+-------+-------+-------+-------+----------------------
         Total | 100.0 | 100.0 |   N/A |   N/A | 100.0 | 110.0
       Dungeon |  59.0 |  59.0 |   N/A |   N/A |  66.1 | 109.0
         Sewer |  41.0 |  41.0 |   N/A |   N/A |  33.9 | 224.0
               +-------+-------+-------+-------+-------+----------------------

Vault maps used:
D:1:      dpeg_arrival_houses_and_road
D:2:      chequers_temple_overflow_statue_of_worship
D:3:      first_bread, uniq_grinder
D:4:      cheibrodos_pilgrimage, kennysheep_little_box,
          nicolae_ru_path_of_blood, grunt_dithmenos_shadows,
          minmay_temple_entry_poolview, portal_sewer_entry_a, led_sif_pool
Temple:   corrupted_temple
Sewer:    sewer_minmay_w
